 Dungeon Crawl Stone Soup version 0.13-a0-1458-gad1601e (console) character file.

1941 vogonpoet the Frost Mage (level 8, -2/57 HPs)
             Began as a Yellow Draconian Ice Elementalist on June 8, 2013.
             Was a Follower of Vehumet.
             Slain by an orc
             ... wielding a -1,+1 orcish trident
              (6 damage)
             ... on Level 7 of the Dungeon.
             The game lasted 00:41:32 (9130 turns).

vogonpoet the Frost Mage (DrIE)                     Turns: 9130, Time: 00:41:32

HP  -2/57        AC  7     Str 13      XL: 8   Next: 66%
MP   8/15        EV 12     Int 18      God: Vehumet [*.....]
Gold 306         SH  0     Dex 12      Spells:  5 memorised,  1 level left

Res.Fire  : . . .   See Invis. : .   M - +0,+6 trident of Udite {freeze, Str+3}
Res.Cold  : . . .   Warding    : .   (armour unavailable)
Life Prot.: . . .   Conserve   : .   (no shield)
Res.Poison: .       Res.Corr.  : +   (helmet restricted)
Res.Elec. : .       Clarity    : .   (no cloak)
Sust.Abil.: . .     Spirit.Shd : .   O - +0 pair of gauntlets
Res.Mut.  : .       Stasis     : .   (no boots)
Res.Rott. : .       Flight     : .   (no amulet)
Saprovore : . . .                    (no ring)
                                     (no ring)

@: invisible, slightly resistant to hostile enchantments, unstealthy
A: spit acid, acid resistance, unfitting armour, AC +6
a: Spit Acid, Renounce Religion


You were on level 7 of the Dungeon.
You worshipped Vehumet.
Vehumet was pleased with you.
You were not hungry.

You visited 2 branches of the dungeon, and saw 8 of its levels.

You collected 308 gold pieces.
You spent 22 gold pieces at shops.

Inventory:

Hand weapons
 m - a +0,+0 halberd
 s - a +0,+1 sling
 v - a +1,+2 dwarven short sword of venom
 M - the +0,+6 trident of Udite (weapon) {freeze, Str+3}
   (You found it on level 7 of the Dungeon)

   It has been specially enchanted to freeze those struck by it, causing extra
   injury to most foes and up to double damage against particularly susceptible
   opponents.
   It can also slow down cold-blooded creatures.
   It affects your strength (+3).
Missiles
 f - 25 poisoned needles
 t - 49 stones
 z - 29 sling bullets
 J - 7 javelins (quivered)
Armour
 g - a +0 pair of elven gauntlets
 N - a +0 cloak
 O - a +0 pair of gauntlets (worn)
Magical devices
 j - a wand of magic darts (15)
 q - a wand of magic darts (0)
 E - a wand of paralysis (9)
Comestibles
 p - a royal jelly
 G - 3 rambutans
Scrolls
 c - a scroll of recharging {unknown}
 d - a scroll of curse jewellery {unknown}
 e - 3 scrolls of fog
 h - 2 scrolls of teleportation {unknown}
 k - 3 scrolls of amnesia
 l - 2 scrolls of magic mapping {unknown}
 o - 3 scrolls of identify
 r - 4 scrolls of remove curse
 u - 4 scrolls of blinking {unknown}
 y - 2 scrolls of enchant weapon II
 A - 2 scrolls of fear {unknown}
 C - a scroll of enchant weapon I {unknown}
 K - a scroll of enchant armour {unknown}
 R - a scroll of silence {unknown}
Potions
 a - a potion of magic {unknown}
 i - a potion of heal wounds {unknown}
 n - a potion of brilliance
 w - a potion of resistance
 x - 3 potions of might
 B - 3 potions of curing
 D - a potion of speed
 F - a potion of flight {unknown}
 H - a potion of beneficial mutation {unknown}
 I - 2 potions of restore abilities
 L - a potion of invisibility
Books
 b - a book of Frost

   Spells                             Type                      Level
   *Freeze                            Ice                          1
   *Throw Frost                       Conjuration/Ice              2
   *Ozocubu's Armour                  Charms/Ice                   3
   *Throw Icicle                      Conjuration/Ice              4
   Summon Ice Beast                   Ice/Summoning                4
   Condensation Shield                Ice                          4


   Skills:
 - Level 1.7 Dodging
 - Level 1.7 Stealth
 + Level 2.6 Spellcasting
 - Level 6.5 Conjurations
 - Level 9.0 Ice Magic
 - Level 1.3 Air Magic


You had one spell level left.
You knew the following spells:

 Your Spells              Type           Power        Failure   Level  Hunger
a - Freeze                Ice            ####         1%          1    #......
b - Throw Frost           Conj/Ice       ####..       1%          2    ##.....
c - Throw Icicle          Conj/Ice       ####....     10%         4    #####..
d - Shock                 Conj/Air       ###.         3%          1    #......
e - Ozocubu's Armour      Chrm/Ice       ###.......   10%         3    ###....


Dungeon Overview and Level Annotations

Branches:
Dungeon (7/27)             Temple (1/1) D:5             Orc (0/4) D:7

Altars:
Ashenzari
Cheibriados
Elyvilon
Fedhas
Makhleb
Okawaru
Sif Muna
Trog
Vehumet
Yredelemnul
Zin
the Shining One

Shops:
D:7: [


Message History

You freeze the centaur.
The centaur is lightly wounded.
The centaur hits you. The centaur hits you!
* * * LOW HITPOINT WARNING * * *
Casting: Freeze
Confirm with . or Enter, or press ? or * to list all spells.
Aiming: Freeze
Press: ? - help, Shift-Dir - straight line, f/p - centaur
Aim: a centaur (lightly wounded)
You freeze the centaur.
The centaur is moderately wounded.
The centaur hits you but does no damage.
The orc barely misses you. The centaur barely misses you. The centaur hits you!
* * * LOW HITPOINT WARNING * * *
Unknown command.
Drink which item? (? for menu, Esc to quit)
You fade into invisibility!
The centaur hits you but does no damage.
The orc hits you with an orcish trident.
You die... ccc

################# ≈≈c≈≈≈#≈
#...(..).........
#≈≈≈≈≈≈≈≈≈#................ ..
≈≈≈≈≈≈≈≈ #................ ....
#≈≈≈≈≈≈# #......>......... ....#
#≈≈≈≈≈≈# #(.......).......
....####......###(..)............
...............c@................
...............oc................
.................................
.................................
.................................
..##.........###############..%..
..##.........# #.....
z.z.[........# #.....
####.........# #.....


You could see 2 centaurs and an orc.

Vanquished Creatures
  Eustachio (D:7)
  Edmund (D:7)
  An ogre (D:6)
  A cyclops skeleton (D:6)
  An orc warrior (D:7)
  A giant frog zombie (D:5)
  2 centaurs
  A gnoll sergeant (D:6)
  7 wights
  2 hounds (D:6)
  5 crimson imps
  A hound skeleton (D:6)
  2 orc priests
  A scorpion (D:6)
  2 iguanas
  A quasit (D:6)
  3 worker ants (D:6)
  5 orc wizards
  A worm zombie (D:4)
  Ijyb (D:6)
  A jelly (D:6)
  A lemure (D:7)
  15 gnolls
  2 adders (D:5)
  A giant mite (D:2)
  A bat skeleton (D:4)
  A giant eyeball (D:5)
  4 giant geckos
  23 orcs
  A ball python (D:2)
  22 bats
  4 giant cockroaches
  17 hobgoblins
  15 kobolds
  2 oozes
  2 quokkas
  2 giant newts
  20 goblins
  A hobgoblin zombie (D:7)
  5 jackals
  10 rats
190 creatures vanquished.

Vanquished Creatures (others)
  A goblin (D:6)
  A hobgoblin (D:3)
  A kobold (D:6)
3 creatures vanquished.

Grand Total: 193 creatures vanquished

Notes
Turn   | Place    | Note
--------------------------------------------------------------
     0 | D:1      | vogonpoet, the Draconian Ice Elementalist, began the quest for the Orb.
     0 | D:1      | Reached XP level 1. HP: 14/14 MP: 3/3
   138 | D:1      | Reached XP level 2. HP: 11/20 MP: 1/4
   390 | D:1      | Reached skill level 4 in Ice Magic
   773 | D:1      | Reached XP level 3. HP: 26/26 MP: 3/5
  1315 | D:2      | Reached XP level 4. HP: 33/33 MP: 4/7
  1455 | D:2      | Reached skill level 5 in Ice Magic
  1540 | D:2      | Found a deep blue altar of Sif Muna.
  1768 | D:3      | Learned a level 2 spell: Throw Frost
  2072 | D:3      | Reached XP level 5. HP: 36/38 MP: 4/8
  2152 | D:3      | Reached skill level 6 in Ice Magic
  3184 | D:4      | Reached XP level 6. HP: 45/45 MP: 9/9
  3334 | D:4      | Noticed a phantom
  3406 | D:5      | Entered Level 5 of the Dungeon
  3809 | D:5      | Reached skill level 7 in Ice Magic
  3821 | D:5      | Learned a level 4 spell: Throw Icicle
  3913 | D:5      | Found a white marble altar of Elyvilon.
  4241 | D:5      | Found a snail-covered altar of Cheibriados.
  4260 | D:5      | Paralysed by a giant eyeball for 2 turns
  4267 | D:5      | Paralysed by a giant eyeball for 4 turns
  4596 | D:5      | Found a staircase to the Ecumenical Temple.
  4608 | Temple   | Entered the Ecumenical Temple
  4637 | Temple   | Became a worshipper of Vehumet
  4767 | D:5      | Your scales start taking on a golden yellow colour.
  4767 | D:5      | Reached XP level 7. HP: 34/50 MP: 8/10
  5047 | D:5      | Found an iron altar of Okawaru.
  5534 | D:6      | Noticed Ijyb
  5544 | D:6      | Killed Ijyb
  5699 | D:6      | Reached skill level 5 in Conjurations
  6459 | D:6      | Reached XP level 8. HP: 57/57 MP: 12/12
  6599 | D:6      | Found a glowing silver altar of Zin.
  7198 | D:7      | Noticed Edmund
  7208 | D:7      | Killed Edmund
  7208 | D:7      | Acquired Vehumet's first power
  7208 | D:7      | Offered knowledge of Shock by Vehumet.
  7211 | D:7      | Learned a level 1 spell: Shock
  7358 | D:7      | Noticed Eustachio
  7569 | D:7      | Reached skill level 1 in Air Magic
  7866 | D:6      | Learned a level 3 spell: Ozocubu's Armour
  7874 | D:7      | Reached skill level 8 in Ice Magic
  7892 | D:7      | Found a staircase to the Orcish Mines.
  7892 | D:7      | Found Shrour's Armour Boutique.
  7898 | D:7      | Bought a +0 cloak for 22 gold pieces
  8915 | D:7      | Killed Eustachio
  8915 | D:7      | Reached skill level 9 in Ice Magic
  9002 | D:7      | Got an ebony trident
  9003 | D:7      | Identified the trident of Udite {freeze, Str+3} (You found it on level 7 of the Dungeon)
  9076 | D:7      | Found a shattered altar of Ashenzari.
  9130 | D:7      | Slain by an orc

Action                   |  1- 3 |  4- 6 |  7- 9 || total
-------------------------+-------+-------+-------++-------
Melee: Unarmed           |     9 |       |       ||     9
       Dagger            |    29 |       |       ||    29
       Short sword       |    41 |    15 |    57 ||   113
       Halberd           |       |       |    67 ||    67
       Trident           |       |       |    15 ||    15
 Fire: Sling             |    24 |   302 |   119 ||   445
Throw: Club              |     5 |       |       ||     5
       Dagger            |     1 |       |       ||     1
       Dart              |     1 |       |       ||     1
       Javelin           |       |       |     3 ||     3
 Cast: Freeze            |    31 |    65 |   108 ||   204
       Throw Frost       |       |       |     5 ||     5
       Ozocubu's Armour  |       |       |     6 ||     6
       Throw Icicle      |       |       |     2 ||     2
       Shock             |       |       |     1 ||     1
 Abil: Spit Acid         |       |       |     1 ||     1
Evoke: Wand              |       |     1 |       ||     1
  Use: Scroll            |       |     5 |     6 ||    11
       Potion            |       |       |     1 ||     1
 Stab: Sleeping          |     2 |     3 |       ||     5
       Paralysed         |       |     1 |       ||     1
